 Dungeon Crawl Stone Soup version 0.28-a0-297-g99b01970c5 (webtiles) character file.

Game seed: 4837587959487168194

77 Gargoyl the Skirmisher (level 4, -2/41 HPs)
             Began as a Gnoll Abyssal Knight on Aug 29, 2021.
             Was a Follower of Lugonu.
             Frozen to death by an endoplasm (3 damage)
             ... on level 1 of the Dungeon.
             The game lasted 00:01:26 (1017 turns).

Gargoyl the Skirmisher (Gnoll Abyssal Knight)       Turns: 1017, Time: 00:01:28

Health: -2/41      AC:  3    Str: 12    XL:     4   Next: 34%
Magic:  7/7        EV: 13    Int: 12    God:    Lugonu [*.....]
Gold:   17         SH:  7    Dex: 11    Spells: 5/5 levels left

rFire   . . .      SeeInvis .   a - +1 hand axe
rCold   . . .      Faith    .   h - +0 kite shield
rNeg    . . .      Spirit   .   b - +0 leather armour
rPois   .          Reflect  .   (no helmet)
rElec   .          Harm     .   (no cloak)
rCorr   .          Rampage  .   (no gloves)
Will    .....                   (no boots)
Stlth   +.........              (no amulet)
HPRegen 0.13/turn               c - +4 ring of evasion
MPRegen 0.10/turn               (no ring)

@: no status effects
A: fangs 1, strong nose, distributed training
a: Renounce Religion, Depart the Abyss


You were on level 1 of the Dungeon.
You worshipped Lugonu.
Lugonu was aware of your devotion.
You visited 1 branch of the dungeon, and saw 1 of its levels.
You visited the Abyss 1 time.

You collected 17 gold pieces.

Inventory:

Hand Weapons
 a - a +1 hand axe (weapon)
Missiles
 e - 4 curare-tipped darts (quivered)
 g - 11 poisoned darts
Armour
 b - a +0 leather armour (worn)
 h - a +0 kite shield (worn)
Jewellery
 c - a +4 ring of evasion (left hand)
Scrolls
 d - a scroll of teleportation {unknown}
 i - a scroll of summoning {unknown}
 k - a scroll of silence {unknown}


   Skills:
 + Level 6.6 Fighting
 + Level 1.1 Short Blades
 + Level 1.1 Long Blades
 + Level 4.6 Axes
 + Level 1.1 Maces & Flails
 + Level 1.1 Polearms
 + Level 1.1 Staves
 + Level 1.1 Slings
 + Level 1.1 Bows
 + Level 1.1 Crossbows
 + Level 1.1 Throwing
 + Level 4.6 Armour
 + Level 2.7 Dodging
 + Level 1.1 Stealth
 + Level 1.1 Shields
 + Level 1.1 Unarmed Combat
 + Level 1.1 Spellcasting
 + Level 0.8 Conjurations
 + Level 0.8 Hexes
 + Level 0.8 Summonings
 + Level 0.8 Necromancy
 + Level 0.8 Translocations
 + Level 0.8 Transmutations
 + Level 0.8 Fire Magic
 + Level 0.8 Ice Magic
 + Level 0.8 Air Magic
 + Level 0.8 Earth Magic
 + Level 0.8 Poison Magic
 + Level 4.7 Invocations
 + Level 1.1 Evocations


You had 5 spell levels left.
You didn't know any spells.
Your spell library was empty.

Dungeon Overview and Level Annotations

Branches:
Dungeon (1/15)

Altars:


Innate Abilities, Weirdness & Mutations

You have very sharp teeth.
Your uncanny sense of smell can sniff out nearby items.
Your experience applies equally to all skills.


Message History

The giant cockroach closely misses you. The giant cockroach misses you.
Unknown command.
You hit the giant cockroach. Your bite misses the giant cockroach.
The giant cockroach is severely wounded.
You block the giant cockroach's attack. The giant cockroach bites you.
* * * LOW HITPOINT WARNING * * *
Unknown command.
You closely miss the giant cockroach.
The giant cockroach is heavily wounded.
The giant cockroach bites you but does no damage.
Unknown command.
You closely miss the giant cockroach. Your bite misses the giant cockroach.
The giant cockroach is heavily wounded.
The giant cockroach misses you. x2
Unknown command.
Your shield and leather armour prevent you from hitting the giant cockroach.
The giant cockroach is heavily wounded.
The giant cockroach closely misses you.
The giant cockroach bites you but does no damage.
Unknown command.
You hit the giant cockroach.
You kill the giant cockroach!
Lugonu accepts your kill.
Unknown command.
You start resting.
An endoplasm is nearby!
There is a staircase leading out of the dungeon here.
An endoplasm is nearby!
The endoplasm hits you.
* * * LOW HITPOINT WARNING * * *
You hit the endoplasm.
The endoplasm is lightly wounded.
The endoplasm freezes you.
You are frozen.
* * * LOW HITPOINT WARNING * * *
You hit the endoplasm.
The endoplasm is heavily wounded.
The endoplasm freezes you.
You are frozen.
You die...

#..# #.........##
#..##########..##.###..#
...............##.# ##.#
#..##########..##.## #.##
............#..##..###..###
##.######.................#
## #.# #.###'#######'###.#
#. #.# #.#..⌠...>...⌠..#.#
#. #.# #.#.....@<......#.#
#. ##.##
##.'⌠...J###....⌠'.# ##.
....#
#..#.....†.......#.#####..
....#
#..#######J#######.......#
....# #..# ..(........
#.#####.. ##.##
#..#.............#.###...#
##.#
#..#.............#..#..###
.#.#
#..###############..#.##
.#.#
#.....................##


You could see an endoplasm.

Vanquished Creatures
  A jelly (D:1)
  A worm (D:1)
  4 endoplasms (D:1)
  10 giant cockroaches (D:1)
  2 hobgoblins (D:1)
  A jackal (D:1)
  A kobold (D:1)
  A quokka (D:1)
  3 ball pythons (D:1)
  4 bats (D:1)
  A frilled lizard (D:1)
  3 goblins (D:1)
  6 rats (D:1)
38 creatures vanquished.

Notes
Turn   | Place    | Note
-------+----------+-------------------------------------------
     0 | Abyss:1  | Gargoyl the Gnoll Abyssal Knight began the quest for the
                  | Orb.
     0 | Abyss:1  | Reached XP level 1. HP: 23/23 MP: 3/3
    48 | Abyss:1  | Noticed a wind drake
   120 | Abyss:1  | Noticed a tentacled monstrosity
   124 | D:1      | Escaped the Abyss
   259 | D:1      | Found a runed translucent door.
   260 | D:1      | Noticed a jelly
   444 | D:1      | Reached XP level 2. HP: 29/29 MP: 5/5
   445 | D:1      | Reached * piety under Lugonu
   777 | D:1      | Reached XP level 3. HP: 34/35 MP: 6/6
   984 | D:1      | HP: 1/35 [acid (7)]
   988 | D:1      | Reached skill level 1 in Short Blades
   988 | D:1      | Reached skill level 1 in Long Blades
   988 | D:1      | Reached skill level 1 in Maces & Flails
   988 | D:1      | Reached skill level 1 in Polearms
   988 | D:1      | Reached skill level 1 in Staves
   988 | D:1      | Reached skill level 1 in Slings
   988 | D:1      | Reached skill level 1 in Bows
   988 | D:1      | Reached skill level 1 in Crossbows
   988 | D:1      | Reached skill level 1 in Throwing
   988 | D:1      | Reached skill level 1 in Stealth
   988 | D:1      | Reached skill level 1 in Shields
   988 | D:1      | Reached skill level 1 in Unarmed Combat
   988 | D:1      | Reached skill level 1 in Spellcasting
   988 | D:1      | Reached skill level 1 in Evocations
   988 | D:1      | Reached XP level 4. HP: 8/41 MP: 7/7
  1005 | D:1      | HP: 2/41 [giant cockroach (1)]
  1016 | D:1      | HP: 1/41 [frozen (2)]
  1017 | D:1      | Frozen to death by an endoplasm

Illustrated notes

Levels and vault maps discovered:
D:1:      dpeg_arrival_caged_fury, layout_rooms

Skill      XL: |  1  2  3 |
---------------+----------+-----
Short Blades   | 1 |  1.1
Long Blades    | 1 |  1.1
Maces & Flails | 1 |  1.1
Polearms       | 1 |  1.1
Staves         | 1 |  1.1
Slings         | 1 |  1.1
Bows           | 1 |  1.1
Crossbows      | 1 |  1.1
Throwing       | 1 |  1.1
Stealth        | 1 |  1.1
Shields        | 1 |  1.1
Unarmed Combat | 1 |  1.1
Spellcasting   | 1 |  1.1
Evocations     | 1 |  1.1
Fighting       | |  6.6
Axes           | |  4.6
Armour         | |  4.6
Dodging        | |  2.7
Conjurations   | |  0.8
Hexes          | |  0.8
Summonings     | |  0.8
Necromancy     | |  0.8
Translocations | |  0.8
Transmutations | |  0.8
Fire Magic     | |  0.8
Ice Magic      | |  0.8
Air Magic      | |  0.8
Earth Magic    | |  0.8
Poison Magic   | |  0.8
Invocations    | |  4.7

Action                   |  1- 3 |  4- 6 || total
-------------------------+-------+-------++-------
Melee: Hand axe          |    77 |    24 ||   101
       Bite              |     5 |       ||     5
Invok: Depart the Abyss  |     1 |       ||     1
  Use: Scroll            |     1 |       ||     1
       Potion            |     2 |       ||     2
Armor: Leather armour    |    26 |     6 ||    32
Dodge: Dodged            |    90 |    13 ||   103
Block: Kite shield       |     7 |     8 ||    15

Table legend: (Time is in decaauts)
 A = Elapsed time spent in this place.
 B = Non-inter-level travel time spent in this place.
 C = Inter-level travel time spent in this place.
 D = Time resting spent in this place.
 E = Time spent auto-exploring this place.
 F = Levels seen in this place.
 G = Mean time per level.
                   A        B        C        D        E       F      G
               +--------+--------+--------+--------+--------+-----+--------+
         Total |   1038 |   1038 |      0 |      4 |    771 |   2 |  519.0 |
       Dungeon |    914 |    914 |      0 |      4 |    656 |   1 |  914.0 |
         Abyss |    124 |    124 |      0 |      0 |    115 |   1 |  124.0 |
               +--------+--------+--------+--------+--------+-----+--------+

Top non-repeatable levels by time:
     D:1: 914 daAuts
 Abyss:1: 124 daAuts
